 Dungeon Crawl Stone Soup version 0.31.0-12-g77e489cdc1 (webtiles) character file.

Game seed: 5046029203561409469

103 Fodor the Covered (level 4, 0/40 HPs)
             Began as a Minotaur Fighter on Feb 21, 2024.
             Slain by an orc wizard
             ... wielding a +0 dagger
              (3 damage)
             ... on level 4 of the Dungeon on Feb 22, 2024.
             The game lasted 00:10:39 (2313 turns).

Fodor the Covered (Minotaur Fighter)                Turns: 2313, Time: 00:10:39

Health: 0/40       AC:  9    Str: 22    XL:     4   Next: 51%
Magic:  3/3        EV:  8    Int:  5    God:
Gold:   207        SH:  0    Dex: 16    Spells: 3/3 levels left

rFire   x . .        a - +0 war axe
rCold   + . .        c - +0 buckler
rNeg    . . .        u - +0 chain mail
rPois   .            (helmet restricted)
rElec   .            (no cloak)
rCorr   .            (no gloves)
SInv    .            (no boots)
Will    .....        (no amulet) Stlth
                     j - ring of ice
HPRegen 0.26/turn    x - +6 ring of dexterity
MPRegen 0.08/turn

%: no passive effects
@: confused
A: horns 2, retaliatory headbutt
a: no special abilities


You were on level 4 of the Dungeon.
You visited 1 branch of the dungeon, and saw 4 of its levels.

You collected 207 gold pieces.

Inventory:

Hand Weapons
 a - a +0 war axe (weapon)
Armour
 c - a +0 buckler (worn)
 u - a +0 chain mail (worn)
Jewellery
 j - a ring of ice (left hand)
 s - an amulet of the acrobat
 x - a +6 ring of dexterity (right hand)
Talismans
 g - a flux talisman
Wands
 v - a wand of charming (7)
Scrolls
 b - a scroll of immolation {unknown}
 e - a scroll of noise {unknown}
 k - a scroll of blinking {unknown}
 m - 3 scrolls of revelation {unknown}
 n - a scroll of vulnerability {unknown}
 o - 2 scrolls of identify {unknown}
 w - a scroll of enchant armour {unknown}
Potions
 d - a potion of might
 f - a potion of curing {unknown}
 h - a potion of invisibility {unknown}
 i - a potion of berserk rage {unknown}
 l - 3 potions of degeneration {unknown}
 p - a potion of enlightenment {unknown}
 q - a potion of attraction {unknown}
 r - a potion of lignification {unknown}
 t - a potion of resistance {unknown}


   Skills:
 + Level 4.2 Fighting
 + Level 4.1 Axes
 + Level 4.5 Armour
 + Level 0.3 Dodging
 + Level 4.1 Shields


You had 3 spell levels left.
You didn't know any spells.
Your spell library contained the following spells:

 Spells                   Type           Power      Damage    Failure   Level
 Frozen Ramparts          Ice            0%         1d1       100%        3
 Summon Ice Beast         Ice/Summ       0%         N/A       100%        3
 Leda's Liquefaction      Alch/Erth      0%         N/A       100%        4
 Petrify                  Alch/Erth      0%         N/A       100%        4
 Metabolic Englaciation   Hex/Ice        0%         N/A       100%        5
 Summon Mana Viper        Hex/Summ       0%         N/A       100%        5
 Monstrous Menagerie      Summ           0%         N/A       100%        7


Dungeon Overview and Level Annotations

Branches:
Dungeon (4/15)
 Temple: D:4-7

Altars:


Innate Abilities, Weirdness & Mutations

You have a pair of horns on your head.
You reflexively headbutt those who attack you in melee.


Message History

You headbutt the orc wizard, but do no damage.
The orc wizard is almost dead.
The orc wizard gestures at you while chanting.
The puff of flame hits you! The fire burns you terribly!
You closely miss the orc wizard. Your headbutt misses the orc wizard.
The orc wizard is almost dead.
An orc wizard comes into view. It is wielding a +0 dagger.
The orc hits you but does no damage.
The orc wizard gestures at you while chanting.
You resist with some effort.
A ball python comes into view.
The ball python hisses angrily.
The orc hits you but does no damage.
The orc wizard gestures at you while chanting.
You are confused.
The orc hits you with a +0 hand axe. The orc wizard casts a spell at you.
The puff of flame hits you! The fire burns you terribly!
Something hits you but does no damage.
The orc wizard hits you but does no damage.
You miss something. Your headbutt misses something.
You closely miss the orc wizard. You slash the orc!
You kill the orc!
The orc wizard hits you with a +0 dagger.
* * * LOW HITPOINT WARNING * * *
Something hits you but does no damage.
The orc wizard points at you and mumbles some strange words.
The magic dart hits you!
* * * LOW HITPOINT WARNING * * *
You bump into the rock wall.
The orc wizard hits you with a +0 dagger.
* * * LOW HITPOINT WARNING * * *
You barely miss something. You completely miss the orc wizard.
You hit the orc wizard but do no damage.
The orc wizard casts a spell at you. The puff of flame misses you.
The orc wizard hits you but does no damage.
Something hits you but does no damage.
The orc wizard hits you with a +0 dagger.
You die...

##########.##.#
#<..........#.#
#############.# #
#.............# ..
#.####........# ...
#.####.######.# ..
#.#.......#...#
.###.####.#.##.#.##.###
.......S{o@..)>#.##.#
##.....o#.<#.#.##.#
....##########.#....# .
..###### #.# #.#


You could see 2 orc wizards and a ball python.

Vanquished Creatures
  3 adders
  A dart slug (D:2)
  3 ribbon worms (D:2)
  2 orcs
  3 endoplasms
  3 giant cockroaches (D:1)
  6 goblins
  5 hobgoblins
  4 jackals
  3 quokkas
  8 ball pythons
  5 bats
  2 frilled lizards (D:1)
  11 kobolds
  3 rats
62 creatures vanquished.

Notes
Turn   | Place    | Note
-------+----------+-------------------------------------------
     0 | D:1      | Fodor the Minotaur Fighter began the quest for the Orb.
     0 | D:1      | Reached XP level 1. HP: 19/19 MP: 0/0
   158 | D:1      | Reached XP level 2. HP: 18/27 MP: 1/1
  1181 | D:2      | Reached XP level 3. HP: 33/33 MP: 2/2
  1570 | D:2      | Reached XP level 4. HP: 38/40 MP: 3/3
  2311 | D:4      | HP: 2/40 [orc wizard/+0 dagger (1)]
  2313 | D:4      | Slain by an orc wizard

Illustrated notes

Levels and vault maps discovered:
D:1:      nagdon_arrival_double_spiral, layout_basic, minmay_crystal_room
D:2:      layout_basic
D:3:      layout_rooms
D:4:      layout_basic, minmay_temple_entry_grid

Skill      XL: |  1  2  3  4 |
---------------+-------------+-----
Shields        | 4 |  4.1
Fighting       | 4 |  4.2
Armour         | 4 |  4.5
Axes           | 3 4 |  4.1
Dodging        | |  0.3

Action                     |  1- 3 |  4- 6 || total
---------------------------+-------+-------++-------
  Melee: War axe           |    91 |    32 ||   123
         Headbutt          |     6 |     6 ||    12
 Armour: Scale mail        |    72 |       ||    72
         Chain mail        |    10 |    40 ||    50
  Dodge: Dodged            |    49 |    15 ||    64
  Block: Buckler           |    28 |     6 ||    34
